 Dungeon Crawl Stone Soup version 0.26-a0-712-ga5a9c9c9d0 (webtiles) character file.

Game seed: 851642182689355251

11 dickylongcocking the Sneak (level 2, -1/14 HPs)
             Began as a Felid Delver on Nov 2, 2020.
             Killed by nerve-wracking pain
             ... invoked by a shadow imp
              (8 damage)
             ... on level 5 of the Dungeon.
             The game lasted 00:00:49 (338 turns).

dickylongcocking the Sneak (Felid Delver)            Turns: 338, Time: 00:00:49

Health: -1/14      AC:  1    Str:  8    XL:     2   Next: 13%
Magic:  3/3        EV: 18    Int: 11    God:
Gold:   0          SH:  0    Dex: 17    Spells: 1/1 levels left
                                        Lives:  0   Deaths: 0

rFire    . . .     SeeInvis +     - Unarmed
rCold    . . .     Faith    .   (shield unavailable)
rNeg     . . .     Spirit   .   (armour unavailable)
rPois    .         Reflect  .   (helmet unavailable)
rElec    .         Harm     .   (cloak unavailable)
rCorr    .         Rampage  .   (gloves unavailable)
MR       .....                  (boots unavailable)
Stlth    ++++......             (no amulet)
HPRegen  0.04/turn              (no ring)
MPRegen  0.08/turn              (no ring)

@: quick
A: very small, no armour, no weapons or thrown items, stealth, claws 1, fangs 3,
see invisible, speed 1, shaggy fur 1, sharp paws
a: no special abilities


You were on level 5 of the Dungeon.
You visited 1 branch of the dungeon, and saw 1 of its levels.

Inventory:

Wands
 e - a wand of digging (2)
Scrolls
 a - a scroll of fog
 b - a scroll of enchant weapon {unknown}
 c - a scroll of fear
 f - a scroll of remove curse {unknown}
Potions
 d - a potion of haste


   Skills:
 - Level 3.0 Fighting
 - Level 2.6 Dodging
 - Level 6.6 Stealth
 * Level 2.9 Unarmed Combat


You had one spell level left.
You didn't know any spells.
Your spell library was empty.

Dungeon Overview and Level Annotations

Branches:
Dungeon (5/15)
 Temple: D:4-7

Altars:
Ru


Innate Abilities, Weirdness & Mutations

You cannot wear armour.
You are incapable of wielding weapons or throwing items.
Your paws allow you to move quietly. (Stealth)
You have sharp claws.
You have razor-sharp teeth.
You have supernaturally acute eyesight. (SInv)
You cover ground quickly.
You are covered in fur. (AC +1)
Your sharp claws are effective at attacking unaware monsters.


Message History

The shadow imp hits you.
You scratch the shadow imp but do no damage.
Your bite misses the shadow imp.
The shadow imp is moderately wounded.
The shadow imp barely misses you.
Okay, then.
You scratch the shadow imp.
The shadow imp is heavily wounded.
The shadow imp barely misses you.
Unknown command.
You barely miss the shadow imp.
The shadow imp is heavily wounded.
The shadow imp hits you but does no damage.
Unknown command.
You closely miss the shadow imp.
The shadow imp is heavily wounded.
The shadow imp gestures at you. Pain shoots through your body!
Ouch! That really hurt!
You die...

*,* *,*,***,*,*** *,* ******
*,*,*,,,,,,,*
*,***,,,,****,*,,,,,*,*,*
*,,,,,,,,,,,,,*****,*<*,*
*****,,,,*****###**,*,*,****
****** *...,,,,*,*,,,,, **
***#####*###.#####**,,,,,,,
,******,,.....,#........,,,,,,,,,
,*,,,**,,......#@#.#....,,,,,,,**
,*,,,*****#....#5#.#.###**,*,,,*∩
,,,,,**,,,*#.5$.........,,,,,,>*+
,*,,**,,,,,##.##.#.#.#..,*,*,*,*,
,*,**,,,,,,,#,*#.....#,*,*,*,*,*,
,*,**,,,_,,,,,<#.....#,*,*,*,*,*,
,*,**,,,,,,,*,*#.....#,*,*,,,,,,,
,*,***,,,,,**,*#...).#,*,***,*,*,
**,****,,,**,,*#.....#,#..,*,*,*,


You could see a shadow imp.

Vanquished Creatures
  An adder (D:5)
  A kobold (D:5)
  A ball python (D:5)
3 creatures vanquished.

Notes
Turn   | Place    | Note
-------+----------+-------------------------------------------
     0 | D:5      | dickylongcocking the Felid Delver began the quest for the
                  | Orb.
     0 | D:5      | Reached XP level 1. HP: 10/10 MP: 2/2
    22 | D:5      | Found a sacrificial altar of Ru.
    22 | D:5      | Noticed an orc wizard
   102 | D:5      | Reached XP level 2. HP: 4/14 MP: 3/3
   338 | D:5      | Killed from afar by a shadow imp

Illustrated notes

Levels and vault maps discovered:
D:5:      layout_basic, nicolae_ru_great_annihilating_truth, lemuel_round_altar,
          serial_shops, kennysheep_mini, uniq_menkaure

Action                   || total
-------------------------++-------
Melee: Unarmed           ||    12
       Bite              ||     1
Evoke: Wand              ||     1
  Use: Scroll            ||     1
 Stab: Sleeping          ||     3
Armor: Skin              ||     1
Dodge: Dodged            ||     2

Table legend: (Time is in decaauts)
 A = Elapsed time spent in this place.
 B = Non-inter-level travel time spent in this place.
 C = Inter-level travel time spent in this place.
 D = Time resting spent in this place.
 E = Time spent auto-exploring this place.
 F = Levels seen in this place.
 G = Mean time per level.
                   A        B        C        D        E       F      G
               +--------+--------+--------+--------+--------+-----+--------+
         Total |    307 |    307 |      0 |    169 |      0 |   1 |  307.0 |
       Dungeon |    307 |    307 |      0 |    169 |      0 |   1 |  307.0 |
               +--------+--------+--------+--------+--------+-----+--------+

Top non-repeatable levels by time:
     D:5: 307 daAuts
